HSSL
JEFFERSONVILLE-YOUNGSVILLE CENTRAL HS TROJANS @ OTSEGO HS BULLDOGS
05/05/2029
 
TOP OF THE 1ST
Jeffersonville-Youngsville Central HS Trojans batting - Pitching for Otsego HS Bulldogs : LHP Jesús Muńíz
Pitching: LHP Jesús Muńíz
Batting: RHB José Rocha 0-0: Ball
1-0: Foul Ball, location: 2F
1-1: Ball
2-1: Ball
3-1: SINGLE (Groundball, 56D)
Batting: LHB Tomás Mata 0-0: Called Strike
0-1: Swinging Strike
0-2: Ball
1-2: Strikes out swinging
Batting: LHB Tony Chávez 0-0: Called Strike
0-1: Ball
1-1: Swinging Strike
1-2: Ball
2-2: Strikes out swinging
Batting: RHB Ben Bradley 0-0: Ball
1-0: Ball
2-0: Foul Ball, location: 2F
2-1: Ground out 4-3 (Groundball, 4)
Top of the 1st over - 0 runs, 1 hit, 0 errors, 1 left on base; Jeffersonville-Youngsville Central HS 0 - Otsego HS 0
BOTTOM OF THE 1ST
Otsego HS Bulldogs batting - Pitching for Jeffersonville-Youngsville Central HS Trojans : LHP Ray Anderson
Pitching: LHP Ray Anderson
Batting: RHB Robbie Barnes 0-0: Ground out 6-3 (Groundball, 6)
Batting: RHB Jack Díaz 0-0: Called Strike
0-1: Ball
1-1: Ball
2-1: Ball
3-1: Base on Balls
Batting: RHB Ray Martin 0-0: Ball
1-0: Ball
2-0: Fly out, F9 (Flyball, 89S)
Batting: RHB Jesse Wood 0-0: Ball
1-0: Ground out 6-3 (Groundball, 6S)
Bottom of the 1st over - 0 runs, 0 hits, 0 errors, 1 left on base; Jeffersonville-Youngsville Central HS 0 - Otsego HS 0
TOP OF THE 2ND
Jeffersonville-Youngsville Central HS Trojans batting - Pitching for Otsego HS Bulldogs : LHP Jesús Muńíz
Batting: RHB Steve Mitchell 0-0: Called Strike
0-1: Ball
1-1: SINGLE (Groundball, 34) (infield hit)
Batting: RHB Vicente Ortíz 0-0: Ground out 5-3 (Groundball, 56S)
Steve Mitchell to second
Batting: LHB Ed Williams 0-0: Ball
1-0: Called Strike
1-1: Foul Ball, location: 2F
1-2: Ball
2-2: Ball
3-2: Fly out, F9 (Flyball, 9LD)
Batting: RHB Robbie Harris 0-0: Swinging Strike
0-1: Swinging Strike
0-2: Ball
1-2: Ball
2-2: Strikes out swinging
Top of the 2nd over - 0 runs, 1 hit, 0 errors, 1 left on base; Jeffersonville-Youngsville Central HS 0 - Otsego HS 0
BOTTOM OF THE 2ND
Otsego HS Bulldogs batting - Pitching for Jeffersonville-Youngsville Central HS Trojans : LHP Ray Anderson
Batting: SHB Keith Novak 0-0: Ball
1-0: Ground out 4-3 (Groundball, 34)
Batting: RHB Bruce Davis 0-0: Ball
1-0: Fly out, F5 (Line Drive, 5L)
Batting: RHB Pedro Estrada 0-0: Foul Ball, location: 2F
0-1: Ball
1-1: Ball
2-1: Ball
3-1: Foul Ball, location: 2F
3-2: Fly out, F7 (Line Drive, 7D)
Bottom of the 2nd over - 0 runs, 0 hits, 0 errors, 0 left on base; Jeffersonville-Youngsville Central HS 0 - Otsego HS 0
TOP OF THE 3RD
Jeffersonville-Youngsville Central HS Trojans batting - Pitching for Otsego HS Bulldogs : LHP Jesús Muńíz
Batting: RHB Duane Bradley 0-0: Ball
1-0: Fly out, F8 (Flyball, 8RS)
Pitching: RHP P.J. Pittman
Batting: RHB José Rocha 0-0: Called Strike
0-1: Ball
1-1: Bunt missed!
1-2: Strikes out swinging
Batting: LHB Tomás Mata 0-0: Called Strike
0-1: Ball
1-1: Ball
2-1: Ground out 6-3 (Groundball, 6S)
Top of the 3rd over - 0 runs, 0 hits, 0 errors, 0 left on base; Jeffersonville-Youngsville Central HS 0 - Otsego HS 0
BOTTOM OF THE 3RD
Otsego HS Bulldogs batting - Pitching for Jeffersonville-Youngsville Central HS Trojans : LHP Ray Anderson
Batting: RHB Dan Miller 0-0: Ball
1-0: Called Strike
1-1: Swinging Strike
1-2: Foul Ball, location: 2F
1-2: Strikes out swinging
Batting: RHB Curt Pierson 0-0: Foul Ball, location: 2F
0-1: Ball
1-1: Fly out, F4 (Flyball, 34D)
Batting: RHB Robbie Barnes 0-0: Ball
1-0: Called Strike
1-1: Ball
2-1: Ball
3-1: Called Strike
3-2: Base on Balls
Batting: RHB Jack Díaz 0-0: Called Strike
0-1: Foul Ball, location: 2F
0-2: Ball
Robbie Barnes steals 2nd base
1-2: Strikes out swinging, 2-3 out at first.
Bottom of the 3rd over - 0 runs, 0 hits, 0 errors, 1 left on base; Jeffersonville-Youngsville Central HS 0 - Otsego HS 0
TOP OF THE 4TH
Jeffersonville-Youngsville Central HS Trojans batting - Pitching for Otsego HS Bulldogs : RHP P.J. Pittman
Batting: LHB Tony Chávez 0-0: Called Strike
0-1: Foul Ball, location: 2F
0-2: Strikes out swinging
Batting: RHB Ben Bradley 0-0: Ball
1-0: Ball
2-0: Foul Ball, location: 2F
2-1: SINGLE (Groundball, 56D)
Batting: RHB Steve Mitchell 0-0: Called Strike
0-1: Grounds into double play, 3-6-3 (Groundball, 34)
Top of the 4th over - 0 runs, 1 hit, 0 errors, 0 left on base; Jeffersonville-Youngsville Central HS 0 - Otsego HS 0
BOTTOM OF THE 4TH
Otsego HS Bulldogs batting - Pitching for Jeffersonville-Youngsville Central HS Trojans : LHP Ray Anderson
Batting: RHB Ray Martin 0-0: Ball
1-0: Ball
2-0: Foul Ball, location: 2F
2-1: Ball
3-1: Ground out 6-3 (Groundball, 6M)
Batting: RHB Jesse Wood 0-0: Fly out, F9 (Flyball, 9LS)
Batting: SHB Keith Novak 0-0: Called Strike
0-1: Foul Ball, location: 2F
0-2: Fly out, F7 (Flyball, 78S)
Bottom of the 4th over - 0 runs, 0 hits, 0 errors, 0 left on base; Jeffersonville-Youngsville Central HS 0 - Otsego HS 0
TOP OF THE 5TH
Jeffersonville-Youngsville Central HS Trojans batting - Pitching for Otsego HS Bulldogs : RHP P.J. Pittman
Batting: RHB Vicente Ortíz 0-0: Ball
1-0: Called Strike
1-1: Foul Ball, location: 2F
1-2: SOLO HOME RUN (Flyball, 7LD), Distance : 370 ft
Batting: LHB Ed Williams 0-0: Ball
1-0: Foul Ball, location: 2F
1-1: Swinging Strike
1-2: Foul Ball, location: 2F
1-2: Strikes out swinging
Batting: RHB Robbie Harris 0-0: Called Strike
0-1: Ball
1-1: Foul Ball, location: 2F
1-2: Foul Ball, location: 2F
1-2: Strikes out looking
Batting: RHB Duane Bradley 0-0: Ball
1-0: Foul Ball, location: 2F
1-1: Ball
2-1: Ball
3-1: Foul Ball, location: 2F
3-2: Fly out, F6 (Popup, P)
Top of the 5th over - 1 run, 1 hit, 0 errors, 0 left on base; Jeffersonville-Youngsville Central HS 1 - Otsego HS 0
BOTTOM OF THE 5TH
Otsego HS Bulldogs batting - Pitching for Jeffersonville-Youngsville Central HS Trojans : LHP Ray Anderson
Batting: RHB Bruce Davis 0-0: Foul Ball, location: 2F
0-1: Ground out 4-3 (Groundball, 4)
Batting: RHB Pedro Estrada 0-0: Ball
1-0: Ball
2-0: Foul Ball, location: 2F
2-1: Foul Ball, location: 2F
2-2: Foul Ball, location: 2F
2-2: Foul Ball, location: 2F
2-2: Ball
3-2: Foul Ball, location: 2F
3-2: Strikes out swinging
Batting: RHB Dan Miller 0-0: Ground out 6-3 (Groundball, 6)
Bottom of the 5th over - 0 runs, 0 hits, 0 errors, 0 left on base; Jeffersonville-Youngsville Central HS 1 - Otsego HS 0
TOP OF THE 6TH
Jeffersonville-Youngsville Central HS Trojans batting - Pitching for Otsego HS Bulldogs : RHP P.J. Pittman
Batting: RHB José Rocha 0-0: Fly out, F7 (Flyball, 7D)
Batting: LHB Tomás Mata 0-0: DOUBLE (Flyball, 8LD)
Batting: LHB Tony Chávez 0-0: Ball
1-0: Ball
2-0: Swinging Strike
2-1: Called Strike
2-2: Ball
3-2: Base on Balls
Batting: RHB Ben Bradley 0-0: Ball
1-0: Ball
2-0: Fly out, F8 (Flyball, 89D)
Runner from 2nd tags up, SAFE at 3rd, no throw
Batting: RHB Steve Mitchell 0-0: Ball
1-0: Ball
Wild Pitch!
Tomás Mata scores
Tony Chávez to second
2-0: Ball
3-0: Called Strike
3-1: Base on Balls
Pitching: RHP Russell Rose
Batting: RHB Vicente Ortíz 0-0: SINGLE (Groundball, 56) (infield hit)
Tony Chávez to third
Steve Mitchell to second
Batting: LHB Ed Williams 0-0: Ball
1-0: Called Strike
1-1: Foul Ball, location: 2F
1-2: Foul Ball, location: 2F
1-2: Ball
2-2: Foul Ball, location: 2F
2-2: Fly out, F1 (Popup, P)
Top of the 6th over - 1 run, 2 hits, 0 errors, 3 left on base; Jeffersonville-Youngsville Central HS 2 - Otsego HS 0
BOTTOM OF THE 6TH
Otsego HS Bulldogs batting - Pitching for Jeffersonville-Youngsville Central HS Trojans : LHP Ray Anderson
Batting: RHB Curt Pierson 0-0: Ball
1-0: Swinging Strike
1-1: Ball
2-1: Fly out, F7 (Flyball, 7LM)
Batting: RHB Robbie Barnes 0-0: Ball
1-0: Fly out, F9 (Flyball, 9LMF)
Batting: RHB Jack Díaz 0-0: SINGLE (Line Drive, 6MD)
Batting: RHB Ray Martin 0-0: Foul Ball, location: 2F
0-1: Called Strike
0-2: Ball
1-2: Foul Ball, location: 2F
1-2: Foul Ball, location: 2F
1-2: Foul Ball, location: 2F
1-2: Foul Ball, location: 2F
1-2: SINGLE (Line Drive, 4MD)
Jack Díaz to second
Batting: RHB Jesse Wood 0-0: Swinging Strike
0-1: Called Strike
0-2: Strikes out looking
Bottom of the 6th over - 0 runs, 2 hits, 0 errors, 2 left on base; Jeffersonville-Youngsville Central HS 2 - Otsego HS 0
TOP OF THE 7TH
Jeffersonville-Youngsville Central HS Trojans batting - Pitching for Otsego HS Bulldogs : RHP Russell Rose
Batting: RHB Robbie Harris 0-0: Ball
1-0: Ball
2-0: DOUBLE (Line Drive, 7LM)
Batting: RHB Duane Bradley 0-0: Called Strike
0-1: Foul Ball, location: 2F
0-2: Foul Ball, location: 2F
0-2: Ball
1-2: DOUBLE (Flyball, 89D)
Robbie Harris scores
Batting: RHB José Rocha 0-0: Ball
1-0: Called Strike
1-1: Ball
2-1: Swinging Strike
2-2: Ball
3-2: SINGLE (Groundball, 5L) (infield hit)
Duane Bradley to third
Batting: LHB Tomás Mata 0-0: Ball
1-0: Foul Ball, location: 2F
1-1: Ball
2-1: Foul Ball, location: 2F
2-2: Foul Ball, location: 2F
2-2: Strikes out swinging
Batting: LHB Tony Chávez 0-0: Ball
1-0: Ball
2-0: Ball
3-0: Foul Ball, location: 2F
3-1: Base on Balls
José Rocha to second
Batting: RHB Ben Bradley 0-0: Ball
1-0: Ball
2-0: Ball
3-0: Base on Balls
Duane Bradley scores
José Rocha to third
Tony Chávez to second
Batting: RHB Steve Mitchell 0-0: Ball
1-0: Called Strike
1-1: Foul Ball, location: 2F
1-2: Ball
2-2: Strikes out looking
Batting: RHB Vicente Ortíz 0-0: Called Strike
0-1: Ball
1-1: Ball
2-1: Ball
3-1: Called Strike
3-2: Base on Balls
José Rocha scores
Tony Chávez to third
Ben Bradley to second
Batting: LHB Ed Williams 0-0: Foul Ball, location: 2F
0-1: Ball
1-1: Ball
2-1: Swinging Strike
2-2: Strikes out swinging
Top of the 7th over - 3 runs, 3 hits, 0 errors, 3 left on base; Jeffersonville-Youngsville Central HS 5 - Otsego HS 0
BOTTOM OF THE 7TH
Otsego HS Bulldogs batting - Pitching for Jeffersonville-Youngsville Central HS Trojans : LHP Ray Anderson
Batting: SHB Keith Novak 0-0: Foul Ball, location: 2F
0-1: Foul Ball, location: 2F
0-2: Ball
1-2: Foul Ball, location: 2F
1-2: Fly out, F8 (Flyball, 8RS)
Pitching: RHP Harry Rodgers
Batting: RHB Bruce Davis 0-0: Called Strike
0-1: Called Strike
0-2: Strikes out swinging
Batting: RHB Pedro Estrada 0-0: Ball
1-0: Called Strike
1-1: Ball
2-1: SINGLE (Groundball, 56D)
Batting: RHB Dan Miller 0-0: Called Strike
0-1: Ball
1-1: Ball
2-1: Ball
3-1: Base on Balls
Pedro Estrada to second
Batting: RHB Curt Pierson 0-0: Foul Ball, location: 2F
0-1: Fly out, F8 (Flyball, 8RD)
Bottom of the 7th over - 0 runs, 1 hit, 0 errors, 2 left on base; Jeffersonville-Youngsville Central HS 5 - Otsego HS 0
TOP OF THE 8TH
Jeffersonville-Youngsville Central HS Trojans batting - Pitching for Otsego HS Bulldogs : RHP Russell Rose
Pitching: LHP Bob Hill
Batting: RHB Robbie Harris 0-0: Called Strike
0-1: Ball
1-1: Called Strike
1-2: Strikes out looking
Pitching: RHP Gordon Long
Batting: RHB Duane Bradley 0-0: Ball
1-0: SINGLE (Line Drive, 8RS)
Pitching: RHP Artie Green
Batting: RHB José Rocha 0-0: Swinging Strike
0-1: Ball
1-1: Foul Ball, location: 2F
1-2: Ball
2-2: Foul Ball, location: 2F
2-2: Foul Ball, location: 2F
2-2: Ball
3-2: Strikes out looking
Pitching: RHP Lúcio Bautista
Batting: LHB Tomás Mata 0-0: Ball
1-0: Foul Ball, location: 2F
1-1: Ball
2-1: 2-RUN HOME RUN (Flyball, 9LD), Distance : 349 ft
Pitching: RHP Daniel Norton
Batting: LHB Tony Chávez 0-0: Ball
1-0: Called Strike
1-1: Fly out, F8 (Flyball, 8LM)
Top of the 8th over - 2 runs, 2 hits, 0 errors, 0 left on base; Jeffersonville-Youngsville Central HS 7 - Otsego HS 0
BOTTOM OF THE 8TH
Otsego HS Bulldogs batting - Pitching for Jeffersonville-Youngsville Central HS Trojans : RHP Harry Rodgers
Batting: RHB Robbie Barnes 0-0: Ball
1-0: Ball
2-0: Swinging Strike
2-1: Foul Ball, location: 2F
2-2: Strikes out swinging
Batting: RHB Jack Díaz 0-0: Ball
1-0: Foul Ball, location: 2F
1-1: Ball
2-1: Swinging Strike
2-2: Foul Ball, location: 2F
2-2: Foul Ball, location: 2F
2-2: Foul Ball, location: 2F
2-2: Foul Ball, location: 2F
2-2: Foul Ball, location: 2F
2-2: Foul Ball, location: 2F
2-2: Foul Ball, location: 2F
2-2: Foul Ball, location: 2F
2-2: DOUBLE (Line Drive, 78XD)
Batting: RHB Ray Martin 0-0: Called Strike
0-1: Ball
1-1: Ball
2-1: SINGLE (Flyball, 9S)
Jack Díaz to third
Runner from 3rd tries for Home, throw and OUT!
Batting: RHB Jesse Wood 0-0: Ball
1-0: Ball
2-0: Ball
3-0: Called Strike
3-1: Foul Ball, location: 2F
3-2: Base on Balls
Ray Martin to second
Batting: SHB Keith Novak 0-0: Ball
1-0: Ball
2-0: Ball
3-0: Called Strike
3-1: Base on Balls
Ray Martin to third
Jesse Wood to second
Batting: RHB Bruce Davis 0-0: Foul Ball, location: 2F
0-1: Ball
1-1: Called Strike
1-2: Ball
2-2: Ball
3-2: Base on Balls
Ray Martin scores
Jesse Wood to third
Keith Novak to second
Batting: RHB Pedro Estrada 0-0: Called Strike
0-1: Swinging Strike
0-2: Strikes out swinging
Bottom of the 8th over - 1 run, 2 hits, 0 errors, 3 left on base; Jeffersonville-Youngsville Central HS 7 - Otsego HS 1
TOP OF THE 9TH
Jeffersonville-Youngsville Central HS Trojans batting - Pitching for Otsego HS Bulldogs : RHP Daniel Norton
Batting: RHB Ben Bradley 0-0: Ball
1-0: Foul Ball, location: 2F
1-1: Ball
2-1: Swinging Strike
2-2: Foul Ball, location: 2F
2-2: Ball
3-2: Foul Ball, location: 2F
3-2: Foul Ball, location: 2F
3-2: Foul Ball, location: 2F
3-2: Foul Ball, location: 2F
3-2: Strikes out swinging
Batting: RHB Steve Mitchell 0-0: DOUBLE (Flyball, 8RD)
Batting: RHB Vicente Ortíz 0-0: Ball
1-0: Called Strike
1-1: Called Strike
1-2: Foul Ball, location: 2F
1-2: Strikes out swinging
Batting: LHB Ed Williams 0-0: Called Strike
0-1: Ball
1-1: Ball
2-1: Swinging Strike
2-2: Strikes out swinging
Top of the 9th over - 0 runs, 1 hit, 0 errors, 1 left on base; Jeffersonville-Youngsville Central HS 7 - Otsego HS 1
BOTTOM OF THE 9TH
Otsego HS Bulldogs batting - Pitching for Jeffersonville-Youngsville Central HS Trojans : RHP Harry Rodgers
Now in LF: Jack Slater
Batting: RHB Dan Miller 0-0: Ball
1-0: Called Strike
1-1: Called Strike
1-2: Foul Ball, location: 2F
1-2: Strikes out swinging
Batting: RHB Curt Pierson 0-0: Ball
1-0: Swinging Strike
1-1: Foul Ball, location: 2F
1-2: Fly out, F8 (Flyball, 8LM)
Batting: RHB Robbie Barnes 0-0: Foul Ball, location: 2F
0-1: Ball
1-1: Ball
2-1: Ball
3-1: Called Strike
3-2: Foul Ball, location: 2F
3-2: Base on Balls
Batting: RHB Jack Díaz 0-0: Called Strike
0-1: Ball
1-1: Ball
2-1: Ball
3-1: Fly out, F7 (Flyball, 78M)
Bottom of the 9th over - 0 runs, 0 hits, 0 errors, 1 left on base; Jeffersonville-Youngsville Central HS 7 - Otsego HS 1
Saturday, December 16th, 2017 - OOTP Baseball 18.8 Build 76